 Dungeon Crawl Stone Soup version 0.30.1-3-gfc49f6343a (webtiles) character file.

Game seed: 818303557971961386

63 Peloso the Covered (level 3, 33/33 HPs)
             Began as a Minotaur Fighter on July 18, 2023.
             Got out of the dungeon alive.
             The game lasted 00:02:22 (1787 turns).

Peloso the Covered (Minotaur Fighter)               Turns: 1787, Time: 00:02:23

Health: 33/33      AC: 12    Str: 20    XL:     3   Next: 89%
Magic:  2/2        EV:  5    Int:  3    God:
Gold:   54         SH:  4    Dex: 11    Spells: 2/2 levels left

rFire   . . .        a - +0 long sword
rCold   + . .        d - +0 buckler
rNeg    . . .        c - +0 plate armour
rPois   .            (helmet restricted)
rElec   +            (no cloak)
rCorr   .            (no gloves)
SInv    .            (no boots)
Will    .....        (no amulet) Stlth
                     (no ring)
HPRegen 0.25/turn    (no ring)
MPRegen 0.08/turn

%: no passive effects
@: no status effects
A: horns 2, retaliatory headbutt, cold resistance 1, dopey 1, electricity
resistance
a: no special abilities


You escaped.
You visited 1 branch of the dungeon, and saw 2 of its levels.

You collected 54 gold pieces.

Inventory:

Hand Weapons
 a - a +0 long sword (weapon)
Armour
 b - a +0 scale mail
 c - a +0 plate armour (worn)
 d - a +0 buckler (worn)
Scrolls
 h - a scroll of magic mapping {unknown}
 j - a scroll of poison {unknown}
 k - a scroll of butterflies {unknown}
Potions
 g - a potion of curing {unknown}
 l - a potion of might


   Skills:
 + Level 4.0 Fighting
 + Level 3.1 Long Blades
 + Level 4.8 Armour
 + Level 4.1 Shields


You had 2 spell levels left.
You didn't know any spells.
Your spell library contained the following spells:

 Spells                   Type           Power      Damage    Failure   Level
 Sublimation of Blood     Necr           0%         N/A       100%        2
 Wereblood                Tmut           0%         N/A       100%        2
 Iskenderun's Battlesphe  Conj           0%         2d6       100%        5
 Iron Shot                Conj/Erth      0%         9d1       100%        6
 Spellforged Servitor     Conj/Summ      0%         N/A       100%        7
 Summon Hydra             Summ           0%         N/A       100%        7


Dungeon Overview and Level Annotations

Branches:
Dungeon (2/15)

Altars:


Innate Abilities, Weirdness & Mutations

You have a pair of horns on your head.
You reflexively headbutt those who attack you in melee.
Your flesh is cold resistant. (rC+)
You are dopey. (Int -2)
You are resistant to electric shocks. (rElec)


Message History

You finish taking off your +0 scale mail.
You start putting on your armour.
You continue putting on your +0 plate armour. x5
You finish putting on your +0 plate armour.
You start putting on your armour.
You continue putting on your +0 buckler. x4
You finish putting on your +0 buckler.
It was a potion of lignification.
You turn into a tree.
Your +0 plate armour melds into your body.
Your roots penetrate the ground.
It was a potion of resistance.
You feel protected.
It was a potion of mutation.
You feel extremely strange.
You feel stupid.
You start resting.
Your transformation is almost over.
HP restored.
You feel less wooden.
Your +0 plate armour unmelds from your body.
You start waiting.
You start to feel less resistant.
You start waiting.
Your resistance to elements expires.
You start waiting.
Done waiting.
Really quaff the potion of mutation?
You feel extremely strange.
You feel clever.
You feel insulated.
You feel resistant to cold.
You feel stupid.
(D) Dungeon
Where to? (Enter - D:2 @ (x,y), ? - help)
What level of the Dungeon? (default 1, ? - help)
There is a stone staircase leading down here.
There is a stone staircase leading up here.
You climb upwards.
There is a stone staircase leading down here.
There is an open door here.
There is a staircase leading out of the dungeon here.
Are you sure you want to leave the Dungeon?
This will make you lose the game!
You have escaped!

# #.......#................#.#. #
#.......#..........##....#... #
#.......#..........###...#.#. ##
#.......#....................
.####.......##########.##...##.#.
....#.......# #######..#........
###.#.......# ##≈≈≈≈≈##'#........
#.#.......###........8###..#...
#.........##..@.........+......
###.......###........8#####..#.
#.####### ##≈≈≈≈≈##+## #..#.
#.....## ########..# ##..#.
#####..####### ##.###...#.
##.......# #.....#.#. #######.##
####.##.#. #..## #.##.#. ##..##
##.##.#.


There were no monsters in sight!

Vanquished Creatures
  3 gnolls (D:2)
  An adder (D:2)
  A dart slug (D:1)
  A bat (D:2)
  A giant cockroach (D:2)
  2 goblins
  2 hobgoblins
  3 jackals (D:1)
  A quokka (D:1)
  2 frilled lizards (D:2)
  3 kobolds
  3 rats
23 creatures vanquished.

Notes
Turn   | Place    | Note
-------+----------+-------------------------------------------
     0 | D:1      | Peloso the Minotaur Fighter began the quest for the Orb.
     0 | D:1      | Reached XP level 1. HP: 19/19 MP: 0/0
   387 | D:1      | Reached XP level 2. HP: 26/27 MP: 1/1
   872 | D:2      | Reached XP level 3. HP: 21/33 MP: 2/2
  1561 | D:2      | Gained mutation: You are dopey. (Int -2) [potion of
                  | mutation]
  1707 | D:2      | Lost mutation: You are dopey. (Int -2) [potion of mutation]
  1707 | D:2      | Gained mutation: You are resistant to electric shocks.
                  | (rElec) [potion of mutation]
  1707 | D:2      | Gained mutation: Your flesh is cold resistant. (rC+)
                  | [potion of mutation]
  1707 | D:2      | Gained mutation: You are dopey. (Int -2) [potion of
                  | mutation]
  1787 | D:$      | Got out of the dungeon alive.

Illustrated notes

Levels and vault maps discovered:
D:1:      wander_arrival_chamber, layout_basic
D:2:      layout_basic

Skill      XL: |  1  2  3 |
---------------+----------+-----
Armour         | 4 |  4.8
Shields        | 4 |  4.1
Long Blades    | 3 |  3.1
Fighting       | 4 |  4.0

Action                     || total
---------------------------++-------
  Melee: Long sword        ||    57
         Headbutt          ||     8
    Use: Potion            ||     5
         Scroll            ||     2
 Armour: Scale mail        ||    30
  Dodge: Dodged            ||    33
  Block: Buckler           ||    16
